 Dungeon Crawl Stone Soup version 0.28-a0-511-gcc94558de3 (webtiles) character file.

Game seed: 996659734052425490

168 frimble the Stinger (level 5, -2/35 HPs)
             Began as a Demonspawn Venom Mage on Sept 22, 2021.
             Slain by an orc (3 damage)
             ... on level 3 of the Dungeon.
             The game lasted 00:03:11 (3881 turns).

frimble the Stinger (Demonspawn Venom Mage)         Turns: 3881, Time: 00:03:11

Health: -2/35      AC:  2    Str:  9    XL:     5   Next: 24%
Magic:  7/8        EV: 12    Int: 17    God:
Gold:   86         SH:  0    Dex: 13    Spells: 7/8 levels left

rFire   . . .      SeeInvis .   j - +2 dagger (freeze)
rCold   . . .      Faith    .   (no shield)
rNeg    . . .      Spirit   .   a - +0 robe
rPois   .          Reflect  .   (no helmet)
rElec   .          Harm     .   (no cloak)
rCorr   .          Rampage  .   (no gloves)
Will    .....                   (no boots)
Stlth   ++........              (no amulet)
HPRegen 0.11/turn               (no ring)
MPRegen 0.11/turn               (no ring)

@: mighty
A: claws 1, powered by pain 2
a: no special abilities


You were on level 3 of the Dungeon.
You visited 1 branch of the dungeon, and saw 3 of its levels.

You collected 86 gold pieces.

Inventory:

Hand Weapons
 c - a +0 short sword of venom
 j - a +2 dagger of freezing (weapon)
Missiles
 e - 8 javelins
Armour
 a - a +0 robe (worn)
 d - a +0 buckler
Jewellery
 b - a ring of see invisible
 f - a ring of willpower
 l - an amulet of magic regeneration
Scrolls
 g - 2 scrolls of identify
Potions
 h - a potion of lignification {unknown}
 i - a potion of might {unknown}
 k - a potion of flight {unknown}
 n - 2 potions of berserk rage {unknown}


   Skills:
 - Level 1.8 Short Blades
 - Level 1.7 Dodging
 - Level 1.7 Stealth
 + Level 2.4 Shields
 - Level 2.0 Spellcasting
 - Level 0.8 Transmutations
 + Level 4.5 Poison Magic


You had 7 spell levels left.
You knew the following spells:

 Your Spells              Type           Power      Damage    Failure   Level
a - Sting                 Tmut/Pois      40%        1d5       6%          1

Your spell library contained the following spells:

 Spells                   Type           Power      Damage    Failure   Level
 Poisonous Vapours        Pois/Air       18%        N/A       12%         2
 Olgreb's Toxic Radiance  Pois           17%        N/A       28%         4
 Mephitic Cloud           Conj/Pois/Air  6%         N/A       30%         3


Dungeon Overview and Level Annotations

Branches:
Dungeon (3/15)

Altars:


Innate Abilities, Weirdness & Mutations

You have sharp fingernails.
You sometimes gain power by taking damage.


Message History

An orc is nearby!
An orc is nearby!
An orc is nearby! 2 orcs come into view.
The orc shouts! x2
An orc priest comes into view.
It is wielding a +1 short sword of speed.
The orc shouts!
You hit the orc but do no damage.
The orc priest looks encouraged for a moment.
You hit the orc but do no damage. The orc hits you with a +0 flail.
You hit the orc but do no damage. You hit the orc. You freeze the orc.
The orc is heavily wounded.
The orc hits you with a +0 flail. The orc hits you with a +0 dagger.
You completely miss the orc.
The orc is heavily wounded.
The orc barely misses you.
The orc priest calls down the wrath of Beogh upon you.
Beogh smites you!
You focus on the pain.
You feel very mighty all of a sudden. The orc hits you with a +0 dagger.
Casting: Sting (safe; 6% risk of failure)
Confirm with . or Enter, or press ? or * to list all spells.
Aiming: Sting (safe; 6% risk of failure)
Press: ? - help, Shift-Dir - straight line, f - orc priest
Aim: an orc priest, wielding a +1 short sword of speed and wearing a +0 scale mail (75% to hit)
The sting hits the orc but does no damage.
The orc is poisoned.
The orc closely misses you. x2
You closely miss the orc.
The orc is heavily wounded.
The orc closely misses you. The orc hits you with a +0 dagger.
You puncture the orc! You freeze the orc.
You kill the orc!
The orc priest invokes the aid of Beogh against you.
Beogh smites you!
* * * LOW HITPOINT WARNING * * *
You hit the orc. You freeze the orc.
The orc is almost dead.
The orc hits you with a +0 dagger.
You die...

### .># ###
##############
#
.............#
.#
..##########.#
###.## ..# #.#
#.o..# .##
#.###o#
........
#....@#
########
#######


You could see an orc priest and an orc.

Vanquished Creatures
  Natasha (thrice) (D:2)
  4 adders
  A dart slug (D:2)
  2 orcs
  6 endoplasms
  2 giant cockroaches
  5 goblins
  3 hobgoblins (D:2)
  10 kobolds
  2 quokkas (D:3)
  7 ball pythons
  4 bats
  5 frilled lizards
  4 rats
58 creatures vanquished.

Notes
Turn   | Place    | Note
-------+----------+-------------------------------------------
     0 | D:1      | frimble the Demonspawn Venom Mage began the quest for the
                  | Orb.
     0 | D:1      | Reached XP level 1. HP: 13/13 MP: 3/3
   479 | D:1      | Gained mutation: You sometimes gain a little power by
                  | taking damage. [demonic ancestry]
   479 | D:1      | Reached XP level 2. HP: 14/19 MP: 5/5
   704 | D:1      | Found a faded altar of an unknown god.
  1049 | D:1      | Reached skill level 1 in Short Blades
  1616 | D:2      | Reached XP level 3. HP: 15/24 MP: 2/6
  1959 | D:2      | Reached skill level 1 in Shields
  2155 | D:2      | Gained mutation: You have sharp fingernails. [demonic
                  | ancestry]
  2155 | D:2      | Reached XP level 4. HP: 9/30 MP: 3/7
  2236 | D:2      | Noticed Natasha
  2243 | D:2      | Killed Natasha
  2244 | D:2      | Reached skill level 4 in Poison Magic
  2489 | D:2      | Noticed Natasha
  2500 | D:2      | Killed Natasha
  2800 | D:2      | Noticed Natasha
  2810 | D:2      | Killed Natasha
  2811 | D:2      | Gained mutation: You sometimes gain power by taking damage.
                  | [demonic ancestry]
  2811 | D:2      | Reached XP level 5. HP: 8/35 MP: 1/8
  3880 | D:3      | HP: 1/35 [orc priest/divine providence (10)]
  3881 | D:3      | Slain by an orc

Illustrated notes

Levels and vault maps discovered:
D:1:      scummos_arrival_hexagon, layout_loops_ring,
          shapermc_ecumenical_altar_mp_ritualfount
D:2:      layout_rooms, uniq_natasha
D:3:      layout_basic, kennysheep_generic_room_5

Skill      XL: |  1  2  3  4 |
---------------+-------------+-----
Short Blades   | 1 |  1.8
Shields        | 1 2 |  2.4
Poison Magic   | 4 |  4.5
Dodging        | |  1.7
Stealth        | |  1.7
Spellcasting   | |  2.0
Transmutations | |  0.8

Action                   |  1- 3 |  4- 6 || total
-------------------------+-------+-------++-------
Melee: Short sword       |    56 |       ||    56
       Unarmed           |     7 |       ||     7
       Dagger            |    21 |    50 ||    71
 Cast: Sting             |    21 |    26 ||    47
  Use: Scroll            |     1 |     3 ||     4
 Stab: Sleeping          |     6 |     1 ||     7
Armor: Robe              |    14 |     6 ||    20
Dodge: Dodged            |    80 |    44 ||   124

Table legend: (Time is in decaauts)
 A = Elapsed time spent in this place.
 B = Non-inter-level travel time spent in this place.
 C = Inter-level travel time spent in this place.
 D = Time resting spent in this place.
 E = Time spent auto-exploring this place.
 F = Levels seen in this place.
 G = Mean time per level.
                   A        B        C        D        E       F      G
               +--------+--------+--------+--------+--------+-----+--------+
         Total |   3886 |   3785 |    101 |      0 |   3283 |   3 | 1295.3 |
       Dungeon |   3886 |   3785 |    101 |      0 |   3283 |   3 | 1295.3 |
               +--------+--------+--------+--------+--------+-----+--------+

Top non-repeatable levels by time:
     D:1: 2230 daAuts
     D:2: 1066 daAuts
     D:3: 589 daAuts
